 Dungeon Crawl Stone Soup version 0.20.1-1-g8b1a95d (webtiles) character file.

4328 Monsterracer the Destroyer (level 10, -6/83 HPs)
             Began as a Black Draconian Wizard on Aug 22, 2017.
             Mangled by Overlord's ghost (16 damage)
             ... on level 8 of the Dungeon.
             The game lasted 00:27:35 (10271 turns).

Monsterracer the Destroyer (DrWz)                  Turns: 10271, Time: 00:27:37

Health: -6/83      AC: 12    Str:  9    XL:     10   Next: 12%
Magic:  14/19      EV: 12    Int: 23    God:
Gold:   385        SH:  0    Dex:  9    Spells: 9/21 levels left

rFire    + . .     SeeInvis .   b - +2 trident (protect)
rCold    . . .     Gourm    .   (no shield)
rNeg     . . .     Faith    .   (armour unavailable)
rPois    .         Spirit   .   q - +0 hat
rElec    +         Reflect  .   v - +1 cloak
rCorr    .         Harm     .   x - +0 pair of gloves
MR       .....                  w - +1 pair of boots
Stlth    ++........             (no amulet)
Regen    0.3/turn               C - ring of protection from fire
MPRegen  0.2/turn               (no ring)

@: no status effects
A: breathe lightning, unfitting armour, electricity resistance, cold-blooded, AC
+7
a: Breathe Lightning


You were on level 8 of the Dungeon.
You were not hungry.

You visited 1 branch of the dungeon, and saw 8 of its levels.

You collected 385 gold pieces.

Inventory:

Hand Weapons
 b - a +2 trident of protection (weapon)
Missiles
 t - a throwing net (quivered)
Armour
 q - a +0 hat (worn)
 v - a +1 cloak (worn)
 w - a +1 pair of boots (worn)
 x - a +0 pair of gloves (worn)
Jewellery
 C - a ring of protection from fire (left hand)
Wands
 n - a wand of paralysis (8/24)
 s - a wand of lightning (2/15)
 B - a wand of acid (8/15)
 F - a wand of lightning (5/15)
Scrolls
 d - a scroll of magic mapping
 e - 2 scrolls of enchant weapon
 f - 2 scrolls of teleportation
 p - 4 scrolls of remove curse
 u - a scroll of amnesia
 y - 2 scrolls of blinking
 A - a scroll of identify
Potions
 g - 2 potions of brilliance
 i - a potion of might
 j - a potion of cancellation
 l - a potion of magic
 m - 2 potions of ambrosia
 o - 3 potions of curing
 r - a potion of lignification
 z - 2 potions of flight
Books
 D - the Incunabulum of Aid and the Compass
   (You found it on level 8 of the Dungeon)

   Spells                             Type                      Level
   a - Song of Slaying                Charms                       2
   b - Regeneration                   Charms/Necromancy            3
   c - Spectral Weapon                Hexes/Charms                 3
   d - Lesser Beckoning               Translocation                3
   e - Controlled Blink               Translocation                8
Comestibles
 a - 25 fruits
 c - 6 bread rations
 h - 7 royal jellies
 k - 3 meat rations


   Skills:
 + Level 6.2 Fighting
 + Level 3.4 Polearms
 - Level 1.7 Dodging
 - Level 1.7 Stealth
 + Level 6.1 Spellcasting
 + Level 10.1 Conjurations
 - Level 1.0 Summonings
 - Level 1.0 Translocations
 + Level 6.7 Air Magic


You had 9 spell levels left.
You knew the following spells:

 Your Spells              Type           Power        Failure   Level  Hunger
a - Magic Dart            Conj           ####         1%          1    None
b - Conjure Flame         Conj/Fire      ####....     3%          3    #......
c - Mephitic Cloud        Conj/Pois/Air  ####....     2%          3    #......
d - Call Imp              Summ           ##......     9%          2    None
e - Blink                 Tloc           N/A          9%          2    None
z - Apportation           Tloc           ##....       5%          1    None


Dungeon Overview and Level Annotations

Branches:
Dungeon (8/15)
 Temple: D:4-7         Lair: D:8-11

Altars:
Kikubaaqudgha
Xom

Shops:
D:7 [

Annotations:
D:8 Overlord's ghost, novice TrBe


Innate Abilities, Weirdness & Mutations

You can breathe wild blasts of lightning.
Your glossy black scales are hard. (AC +7)
You cannot fit into any form of body armour.
You are resistant to electric shocks. (rElec)
You are cold-blooded and may be slowed by cold attacks.


Message History

Casting: Magic Dart
Confirm with . or Enter, or press ? or * to list all spells.
Aiming: Magic Dart
Press: ? - help, Shift-Dir - straight line, f/p - Overlord's ghost
Aim: Overlord's ghost (flame, heavily damaged)
The magic dart hits Overlord's ghost.
Overlord's ghost is heavily damaged.
Overlord's ghost is engulfed in blazing flames.
Overlord's ghost hits you!!
* * * LOW HITPOINT WARNING * * *
Huge Dmg: -34%(-28hp) hp: 11%(9hp)
Press: ? - help, v - describe, . - travel
Here: Overlord's ghost (flame, heavily damaged)
The floor.
Overlord's ghost is engulfed in blazing flames.
Press: ? - help, v - describe, . - travel
Here: Overlord's ghost (severely damaged)
The floor.
Overlord's ghost hits you!
You die...

#.#.#.....##
#.#.#...... #.#.#....#
#..W#..... #...#..#.#
##...#..#.#
#......<#.# .
##.####.#.######....
#.........W@..........
######.#.######.####.#
#......#.# ...
#.######.##### #.# #.
#.#... #.# #. #.##.# #
#.# #. #.##.#.# #.# #.
#.#..#.######.#### #.
#####................#


You could see Overlord's ghost.

Vanquished Creatures
  Pikel (D:3)
  Prince Ribbit (D:5)
  Grinder (D:6)
  Eustachio (D:5)
  A wyvern (D:8)
  2 hungry ghosts
  A water moccasin (D:7)
  Duvessa (D:4)
  An ice beast (D:5)
  3 ogres
  A phantom (D:8)
  A centaur (D:8)
  6 bullfrogs
  Blork the orc (D:6)
  A gnoll sergeant (D:5)
  2 scorpions
  Dowan (D:4)
  11 wights
  3 howler monkeys
  2 crimson imps (D:7)
  A quasit (D:8)
  A hound (D:4)
  A jelly (D:8)
  3 orc priests
  Crazy Yiuf (D:4)
  Jessica (D:2)
  2 iguanas
  3 orc wizards
  6 worker ants
  A hound zombie (D:7)
  A howler monkey zombie (D:5)
  2 worker ant zombies
  20 gnolls
  12 adders
  An adder zombie (D:7)
  An adder skeleton (D:6)
  A worm (D:2)
  3 dart slugs
  32 orcs
  2 ball pythons
  4 bats
  5 giant cockroaches
  10 goblins
  6 hobgoblins
  8 jackals
  6 kobolds
  5 quokkas
  4 frilled lizards
  3 leopard gecko skeletons
  5 rats
193 creatures vanquished.

Vanquished Creatures (collateral kills)
  Ijyb (D:2)
  A gnoll (D:2)
  An orc (D:3)
3 creatures vanquished.

Vanquished Creatures (others)
  A slave (D:4)
  An adder (D:4)
  A quokka skeleton (D:4)
3 creatures vanquished.

Grand Total: 199 creatures vanquished

Notes
Turn   | Place    | Note
-------+----------+-------------------------------------------
     0 | D:1      | Monsterracer the Draconian Wizard began the quest for the Orb.
     0 | D:1      | Reached XP level 1. HP: 14/14 MP: 4/4
   262 | D:1      | Reached skill level 2 in Conjurations
   272 | D:1      | Reached XP level 2. HP: 18/20 MP: 0/6
   283 | D:1      | Learned a level 2 spell: Call Imp
   696 | D:2      | HP: 4/20 [worm (8)]
   699 | D:2      | Reached skill level 3 in Conjurations
   699 | D:2      | Reached XP level 3. HP: 6/26 MP: 0/7
   704 | D:2      | Learned a level 3 spell: Conjure Flame
  1032 | D:2      | Noticed Jessica
  1037 | D:2      | Killed Jessica
  1049 | D:2      | HP: 12/26 [hobgoblin/club (5)]
  1419 | D:2      | Reached XP level 4. HP: 22/33 MP: 5/8
  1459 | D:2      | Learned a level 3 spell: Mephitic Cloud
  1619 | D:3      | Noticed Ijyb
  1630 | D:2      | Killed Ijyb
  1630 | D:2      | Reached skill level 4 in Conjurations
  1769 | D:2      | HP: 13/33 [gnoll (5)]
  1793 | D:2      | HP: 8/33 [gnoll (7)]
  2045 | D:2      | HP: 11/33 [gnoll/spear (9)]
  2355 | D:2      | Reached XP level 5. HP: 32/38 MP: 9/9
  2693 | D:3      | Reached skill level 5 in Conjurations
  3443 | D:4      | Reached skill level 6 in Conjurations
  3497 | D:4      | Found a runed door.
  3501 | D:4      | Noticed Crazy Yiuf
  3509 | D:4      | Killed Crazy Yiuf
  3509 | D:4      | Reached XP level 6. HP: 45/45 MP: 0/10
  3629 | D:4      | Noticed Pikel
  3629 | D:4      | Noticed a slave
  3629 | D:4      | Noticed a slave
  3629 | D:4      | Noticed a slave
  3629 | D:4      | Noticed a slave
  3662 | D:3      | HP: 22/45 [Pikel/whip of freezing (6)]
  3713 | D:3      | Killed Pikel
  3713 | D:3      | Reached skill level 8 in Conjurations
  3713 | D:3      | Your scales start taking on a glossy black colour.
  3713 | D:3      | Reached XP level 7. HP: 28/50 MP: 1/11
  3713 | D:3      | Gained mutation: You are resistant to electric shocks. (rElec) [Black Draconian growth]
  3852 | D:3      | Learned a level 2 spell: Blink
  4089 | D:4      | Reached skill level 1 in Fighting
  4089 | D:4      | Reached skill level 1 in Air Magic
  4288 | D:4      | Noticed Dowan
  4289 | D:4      | Noticed Duvessa
  4308 | D:4      | Killed Dowan
  4315 | D:4      | Killed Duvessa
  4315 | D:4      | Reached XP level 8. HP: 47/61 MP: 3/13
  4921 | D:5      | Entered Level 5 of the Dungeon
  4958 | D:5      | HP: 30/61 [ogre/giant club (21)]
  5459 | D:5      | Reached skill level 9 in Conjurations
  5825 | D:5      | Noticed Prince Ribbit
  5842 | D:5      | HP: 31/63 [Prince Ribbit (1)]
  5852 | D:5      | Killed Prince Ribbit
  6154 | D:6      | Noticed Eustachio
  6163 | D:5      | Killed Eustachio
  6163 | D:5      | Reached XP level 9. HP: 51/72 MP: 14/16
  6287 | D:6      | Noticed Blork the orc
  6312 | D:5      | Reached skill level 5 in Air Magic
  6463 | D:6      | Killed Blork the orc
  6695 | D:6      | Reached skill level 5 in Spellcasting
  6733 | D:6      | Noticed Grinder
  6740 | D:6      | Paralysed by Grinder for 4 turns
  6759 | D:6      | Killed Grinder
  6759 | D:6      | Reached skill level 5 in Fighting
  6759 | D:6      | Reached skill level 1 in Polearms
  7053 | D:6      | You fall through a shaft for 2 floors!
  7355 | D:8      | HP: 37/74 [wyvern (2)]
  7426 | D:8      | HP: 22/74 [wight/enchanted dire flail (15)]
  7450 | D:8      | HP: 24/74 [big kobold/wand of flame (?/48) (2)]
  7468 | D:8      | HP: 15/74 [big kobold/wand of flame (?/48) (14)]
  7820 | D:8      | Identified the Incunabulum of Aid and the Compass
  7824 | D:8      | Learned a level 1 spell: Apportation
  7882 | D:8      | HP: 35/75 [orc priest/war axe (7)]
  8384 | D:7      | Found an ancient bone altar of Kikubaaqudgha.
  8609 | D:7      | Found a shimmering altar of Xom.
  8622 | D:7      | Found Vyudd's Armour Boutique.
  8644 | D:7      | Reached skill level 10 in Conjurations
  8899 | D:7      | Reached XP level 10. HP: 83/83 MP: 18/18
  9720 | D:7      | HP: 41/83 [poisoned by a worker ant]
  9725 | D:7      | HP: 36/83 [poisoned by a worker ant]
  9730 | D:7      | HP: 34/83 [poisoned by a worker ant]
  9735 | D:7      | HP: 32/83 [poisoned by a worker ant]
  9740 | D:7      | HP: 31/83 [poisoned by a worker ant]
  9747 | D:7      | HP: 30/83 [poisoned by a worker ant]
  9755 | D:7      | HP: 30/83 [poisoned by a worker ant]
 10243 | D:8      | Noticed Overlord's ghost (novice TrBe)
 10263 | D:8      | HP: 36/83 [Overlord's ghost (12)]
 10266 | D:8      | HP: 9/83 [Overlord's ghost (28)]
 10271 | D:8      | Mangled by Overlord's ghost

Skill      XL: |  1  2  3  4  5  6  7  8  9 10 |
---------------+-------------------------------+-----
Conjurations   | 2 3 4 6 8 9 10 | 10.1
Fighting       | 2 4 6 |  6.2
Air Magic      | 2 4 6 |  6.7
Spellcasting   | 4 5 6 |  6.1
Polearms       | 3 |  3.4
Dodging        | |  1.7
Stealth        | |  1.7
Summonings     | |  1.0
Translocations | |  1.0

Action                   |  1- 3 |  4- 6 |  7- 9 | 10-12 || total
-------------------------+-------+-------+-------+-------++-------
Melee: Dagger            |    21 |    82 |    49 |       ||   152
       Tailslap          |     1 |     8 |    22 |     5 ||    36
       Unarmed           |     1 |       |       |       ||     1
       Short sword       |    38 |       |       |       ||    38
       Rapier            |    18 |    22 |   138 |       ||   178
       Trident           |       |    17 |   271 |    81 ||   369
 Cast: Magic Dart        |    34 |    49 |   100 |    25 ||   208
       Call Imp          |       |     5 |     4 |       ||     9
       Mephitic Cloud    |       |     2 |     7 |       ||     9
       Conjure Flame     |       |     4 |    15 |     3 ||    22
       Blink             |       |       |     3 |     2 ||     5
 Abil: Breathe Lightning |       |       |     3 |       ||     3
  Use: Scroll            |       |    11 |     7 |     1 ||    19
 Stab: Sleeping          |     2 |     1 |     2 |     1 ||     6
       Confused          |       |     1 |     3 |       ||     4
  Eat: Chunk             |     1 |     8 |    20 |     6 ||    35
       Fruit             |       |       |       |     1 ||     1
Armor: Skin              |    32 |    36 |   196 |    47 ||   311
Dodge: Dodged            |    63 |    81 |   290 |    55 ||   489
